 Dungeon Crawl Stone Soup version 0.28-a0-425-gd0eccab798 (webtiles) character file.

Game seed: 10639634492986493019

161240 nfekekn the Geomancer (level 17, -3/124 HPs)
             Began as a Gargoyle Earth Elementalist on Sept 8, 2021.
             Was the Champion of Vehumet.
             Killed from afar by a nagaraja (4 damage)
             ... with a poison arrow
             ... on level 4 of the Snake Pit on Sept 9, 2021.
             The game lasted 01:49:12 (38994 turns).

nfekekn the Geomancer (GrEE)                       Turns: 38994, Time: 01:49:12

Health: -3/124     AC: 35    Str: 12    XL:     17   Next: 78%
Magic:  24/32      EV: 11    Int: 23    God:    Vehumet [******]
Gold:   2919       SH:  0    Dex: 10    Spells: 4/38 levels left

rFire   . . .      SeeInvis .   b - +4 flail (protect)
rCold   . . .      Faith    .   (no shield)
rNeg    + . .      Spirit   .   x - +2 steam dragon scales
rPois   ∞          Reflect  .   s - +2 helmet
rElec   +          Harm     .   e - +1 cloak
rCorr   .          Rampage  .   n - +1 pair of gloves
Will    +....      Clarity  +   d - +1 pair of boots
Stlth   ++........              i - amulet of magic regeneration
HPRegen 0.30/turn               m - +4 ring of protection
MPRegen 0.48/turn               k - ring of wizardry

@: flying, very slightly contaminated, hasted and slowed, constricted
A: sickness immunity, AC +12, big wings, negative energy resistance 1,
electricity resistance, torment resistance 1, petrification resistance, clarity,
robust 2
a: Renounce Religion


You were on level 4 of the Snake Pit.
You worshipped Vehumet.
Vehumet was exalted by your worship.
You visited 5 branches of the dungeon, and saw 28 of its levels.
You also visited: Ice Cave and Volcano.

You collected 3667 gold pieces.
You spent 748 gold pieces at shops.

Inventory:

Hand Weapons
 b - a +4 flail of protection (weapon)
 B - the +10 mace of the Destroying Fulmar {spect, *Noise rCorr Int+2 Dex+2}
   (You found it on level 1 of the Snake Pit)

   When its wielder attacks, the weapon's spirit leaps out and strikes again.
   The spirit shares a part of any damage it takes with its wielder.
   Int:       It affects your intelligence (+2).
   Dex:       It affects your dexterity (+2).
   *Noise:    It may make noises in combat.
   rCorr:     It protects you from acid and corrosion.
 L - a +2 great mace of draining
 O - a +1 vorpal dire flail
Missiles
 c - 600 stones
Armour
 d - a +1 pair of boots (worn)
 e - a +1 cloak (worn)
 n - a +1 pair of gloves (worn)
 o - a +2 leather armour of fire resistance
 s - a +2 helmet (worn)
 x - +2 steam dragon scales (worn)
Jewellery
 i - an amulet of magic regeneration (around neck)
 k - a ring of wizardry (right hand)
 m - a +4 ring of protection (left hand)
 E - the ring "Huddu" {Will+ Dex+4 SInv}
   (You took it off an orc warrior on level 11 of the Dungeon)

   [ring of willpower]

   Dex:       It affects your dexterity (+4).
   SInv:      It lets you see invisible.
   Will:      It increases your willpower.
 P - a ring of resist corrosion
 T - a +4 ring of slaying
Wands
 l - a wand of polymorph (22)
 r - a wand of flame (18)
 y - a wand of digging (3)
 C - a wand of charming (7)
 R - a wand of paralysis (8)
Scrolls
 p - 2 scrolls of fog
 w - a scroll of magic mapping
 A - 5 scrolls of teleportation
 D - 14 scrolls of identify
 H - 2 scrolls of brand weapon
 J - 2 scrolls of fear
 N - 3 scrolls of amnesia
 U - a scroll of blinking
 V - a scroll of immolation
Potions
 f - 9 potions of curing
 g - 3 potions of cancellation
 h - a potion of mutation
 j - 4 potions of attraction
 q - 2 potions of berserk rage
 t - 3 potions of magic
 u - 2 potions of resistance
 v - 7 potions of lignification
 z - a potion of brilliance
 F - a potion of heal wounds
 G - 3 potions of haste
 K - a potion of might
 Q - a potion of ambrosia
Miscellaneous
 I - a box of beasts (inert)
 M - a phial of floods (inert)


   Skills:
 - Level 11.0 Fighting
 - Level 10.1 Maces & Flails
 - Level 6.0 Armour
 - Level 8.9 Dodging
 - Level 2.1 Stealth
 - Level 11.0 Spellcasting
 - Level 12.3 Conjurations
 - Level 0.7 Transmutations
 + Level 13.8 Fire Magic
 - Level 13.9 Earth Magic
 - Level 9.4 Evocations


You had 4 spell levels left.
You knew the following spells:

 Your Spells              Type           Power      Damage    Failure   Level
a - Sandblast             Erth           100%       2d20      0%          1
b - Stone Arrow           Conj/Erth      100%       3d13      1%          3
c - Lee's Rapid Deconstr  Erth           33%        3d18*     1%          5
d - Iron Shot             Conj/Erth      32%        9d7       1%          6
e - Starburst             Conj/Fire      32%        6d10      1%          6
f - Fireball              Conj/Fire      32%        3d14      1%          5
g - Ignition              Fire           33%        3d10      13%         8

Your spell library contained the following spells:

 Spells                   Type           Power      Damage    Failure   Level
 Animate Skeleton         Necr           24%        N/A       1%          1
 Apportation              Tloc           24%        N/A       1%          1
 Freeze                   Ice            48%        1d7       1%          1
 Pain                     Necr           48%        1d6       1%          1
 Shock                    Conj/Air       100%       1d9       1%          1
 Summon Small Mammal      Summ           48%        N/A       1%          1
 Passwall                 Tmut/Erth      38%        N/A       1%          2
 Conjure Flame            Conj/Fire      64%        6-21      1%          3
 Dazzling Flash           Conj/Hex       80%        N/A       1%          3
 Frozen Ramparts          Ice            24%        1d4       1%          3
 Ignite Poison            Fire/Tmut/Pois 35%        N/A       1%          3
 Animate Armour           Summ/Erth      88%        N/A       1%          4
 Fulminant Prism          Conj/Hex       20%        3d13      1%          4
 Hailstorm                Conj/Ice       40%        3d10      1%          4
 Iskenderun's Mystic Bla  Conj/Tloc      40%        2d9       1%          4
 Leda's Liquefaction      Hex/Erth       22%        N/A       1%          4
 Petrify                  Tmut/Erth      46%        N/A       1%          4
 Sticky Flame             Conj/Fire      64%        2d8       1%          4
 Corpse Rot               Necr/Air       N/A        N/A       3%          2
 Ensorcelled Hibernation  Hex/Ice        24%        N/A       3%          2
 Call Canine Familiar     Summ           12%        N/A       6%          3
 Portal Projectile        Hex/Tloc       24%        N/A       6%          3
 Swiftness                Air            12%        N/A       6%          3
 Tukima's Dance           Hex            12%        N/A       6%          3
 Vampiric Draining        Necr           6%         2d6       6%          3
 Airstrike                Air            6%         N/A       6%          4
 Olgreb's Toxic Radiance  Pois           12%        N/A       6%          4
 Ice Form                 Ice/Tmut       14%        N/A       17%         4
 Dispel Undead            Necr           12%        3d9       21%         4
 Summon Ice Beast         Ice/Summ       12%        N/A       21%         4
 Irradiate                Conj/Tmut      21%        3d21      1%          5
 Blade Hands              Tmut           7%         N/A       38%         5
 Agony                    Necr           12%        N/A       45%         5
 Excruciating Wounds      Necr           6%         N/A       45%         5
 Silence                  Hex/Air        6%         N/A       45%         5
 Summon Mana Viper        Hex/Summ       12%        N/A       45%         5
 Death Channel            Necr           6%         N/A       95%         6
 Ozocubu's Refrigeration  Ice            6%         4d6       96%         7
 Monstrous Menagerie      Summ           6%         N/A       100%        7
 Sublimation of Blood     Necr           Unusable   N/A       N/A         2

Dungeon Overview and Level Annotations

Branches:
Dungeon (15/15)            Temple (1/1) D:5            Lair (6/6) D:11
  Swamp (0/4) Lair:3        Snake (4/4) Lair:3        Slime (0/5) Lair:6
    Orc (2/2) D:9             Elf (0/3) Orc:2        Vaults (0/5) D:13
 Depths (0/5) D:15          IceCv (visited)         Volcano (visited)

Altars:
Ashenzari
Cheibriados
Dithmenos
Elyvilon
Fedhas
Gozag
Hepliaklqana
Kikubaaqudgha
Makhleb
Nemelex Xobeh
Okawaru
Qazlal
Ru
Sif Muna
Trog
Uskayaw
Vehumet
Wu Jian
Xom
Yredelemnul
Zin
The Shining One

Shops:
D:5 (   D:14 (   Orc:2 :*(=   Snake:1 =

Annotations:
Orc:2 3 runed translucent doors, MacCMillion's ghost, journeyman DsGl


Innate Abilities, Weirdness & Mutations

You are immune to sickness and miasma.
Your stone body is resilient. (AC +12)
You are immune to poison.
Your large and strong wings let you fly.
You resist negative energy. (rN+)
You are resistant to electric shocks. (rElec)
You are resistant to unholy torment.
You are immune to petrification.
You possess an exceptional clarity of mind.
You are very robust. (+20% HP)


Message History

The fireball engulfs the naga sharpshooter!
The naga sharpshooter is severely wounded.
The fireball engulfs the naga ritualist!
You kill the naga ritualist!
Vehumet accepts your kill.
You feel your power returning.
The fireball engulfs the naga mage!!
You kill the naga mage!
Vehumet accepts your kill.
You feel your power returning.
The fireball engulfs the naga ritualist!
The naga ritualist is moderately wounded.
The fireball engulfs the naga ritualist!
The naga ritualist is severely wounded.
The fireball engulfs the naga ritualist.
The naga ritualist is severely wounded.
The fireball engulfs the salamander.
The salamander completely resists.
The fireball engulfs the naga ritualist!
The naga ritualist is almost dead.
The fireball engulfs the salamander mystic.
The salamander mystic completely resists.
The fireball engulfs the naga sharpshooter!
The naga sharpshooter is severely wounded.
The guardian serpent casts a spell at you.
The salamander hits you but does no damage.
The naga ritualist hits you with a +0 war axe.
The naga ritualist grabs you. The naga ritualist constricts you.
The naga sharpshooter hits you with a battleaxe.
* * * LOW HITPOINT WARNING * * *
The naga sharpshooter spits poison at you.
The splash of poison hits you but does no damage.
You resist.
The salamander mystic points at you and mumbles some strange words.
The lance of force hits you!!
* * * LOW HITPOINT WARNING * * *
You are knocked back by the lance of force.
You collide with the nagaraja!
* * * LOW HITPOINT WARNING * * *
The nagaraja points at you and mumbles some strange words.
The poison arrow hits you. You partially resist.
You die...

.......##''##...
......##....##.
.....##......#
....##...##...#
...##...## #...#
..##...## #...#
.##.).## . #...
##NNN.#.... ...
#.N@N.†....
#..NNN#.....
#..H#..##.....
#...##... #....
#...# ..... #..#
...# ...... ###
))) ...).S. .§
.........


You could see 3 nagarajas, 2 naga sharpshooters, a salamander mystic, a
salamander, a naga ritualist, a guardian serpent and a friendly juvenile fireox
beast (summoned, slow).

Vanquished Creatures
  Vashnia (Snake:4)
  Kirke (D:12)
  2 nagarajas
  A reaper (IceCv)
  A red draconian (Volcano)
  Josephine (Lair:5)
  2 fire dragons (D:15)
  8 naga warriors
  Erolcha (Orc:1)
  7 boulder beetles
  8 vault guards
  7 hydras
  3 salamander tyrants
  4 centaur warriors
  An ogre mage (D:15)
  3 catoblepae
  8 anacondas
  6 two-headed ogres
  A deep troll shaman (Lair:6)
  5 tengu warriors
  8 death yaks
  10 naga sharpshooters
  8 shock serpents
  A deep elf knight (D:15)
  An orc high priest (Orc:2)
  A fire crab (Lair:5)
  2 salamander mystics
  5 naga ritualists
  Pikel (D:9)
  A lindwurm (Lair:6)
  A deep elf zephyrmancer (D:15)
  2 orc knights
  6 mana vipers
  3 deep elf pyromancers
  5 orc sorcerers
  A wolf spider (D:10)
  9 cyclopes
  7 ugly things
  17 salamanders
  4 manticores
  Maurice (D:9)
  8 elephants (Lair:6)
  A guardian serpent (shapeshifter) (D:15)
  4 guardian serpents
  28 black mambas
  2 ice statues (IceCv)
  9 naga magi
  9 cane toads
  Maggie (D:6)
  Psyche (D:9)
  5 yaktaurs
  9 komodo dragons
  3 ice devils (IceCv)
  3 kobold demonologists
  5 rime drakes
  A freezing wraith (D:15)
  9 trolls
  7 polar bears
  A hornet (D:7)
  Prince Ribbit (D:9)
  A blink frog (shapeshifter) (D:15)
  3 blink frogs (Lair:5)
  13 slime creatures
  3 shadows
  7 wraiths
  A redback (D:15)
  A vampire (D:12)
  57 yaks
  3 hogs (D:11)
  4 wyverns
  4 basilisks
  23 vampire mosquitoes
  2 steam dragons
  32 nagas
  6 wargs
  Edmund (D:6)
  3 acid dragons
  A swamp worm (Lair:3)
  13 water moccasins
  3 black bears
  30 orc warriors
  6 ogres
  2 necrophages (D:8)
  12 wolves
  5 boggarts
  2 centaurs
  4 kobold brigands
  Blork the orc (D:6)
  16 bullfrogs
  2 cane toad simulacra (IceCv)
  A wyvern zombie (D:8)
  3 scorpions
  2 two-headed ogre simulacra (IceCv)
  A gnoll sergeant (Orc:1)
  A hornet simulacrum (D:15)
  A water moccasin zombie (D:6)
  11 killer bees
  7 wights
  3 electric eels
  6 howler monkeys
  A human zombie (D:8)
  10 centaur zombies
  A hound (D:7)
  22 orc priests
  A bullfrog skeleton (D:7)
  A centaur skeleton (D:6)
  2 jellies (D:5)
  13 iguanas
  3 iron imps (D:9)
  Jessica (D:3)
  30 orc wizards
  2 troll simulacra (IceCv)
  3 spriggan simulacra (IceCv)
  A scorpion zombie (D:5)
  4 polar bear simulacra (IceCv)
  2 killer bee zombies (D:8)
  A wolf simulacrum (IceCv)
  3 mummies (D:8)
  3 howler monkey zombies
  4 gnolls (Orc:1)
  A howler monkey skeleton (D:7)
  5 adders
  A naga simulacrum (IceCv)
  A shadow imp (D:8)
  4 white imps
  4 ufetubi (IceCv)
  3 worms
  4 dart slugs
  78 orcs
  6 ball pythons
  3 bats
  9 endoplasms
  4 giant cockroaches
  6 goblins
  9 hobgoblins
  2 jackals (D:2)
  14 kobolds
  3 quokkas (D:1)
  6 frilled lizards
  7 rats
847 creatures vanquished.

Vanquished Creatures (collateral kills)
  A boulder beetle (D:15)
  A two-headed ogre (D:15)
  3 ugly things (D:14)
  2 ice devils (IceCv)
  A harpy simulacrum (IceCv)
  An ogre (D:15)
  A wolf simulacrum (IceCv)
10 creatures vanquished.

Vanquished Creatures (others)
  2 ugly things (D:14)
  An orc (Orc:1)
  20 fungi
  45 plants
68 creatures vanquished.

Grand Total: 925 creatures vanquished

Notes
Turn   | Place    | Note
-------+----------+-------------------------------------------
     0 | D:1      | nfekekn the Gargoyle Earth Elementalist began the quest for
                  | the Orb.
     0 | D:1      | Reached XP level 1. HP: 10/10 MP: 3/3
   197 | D:1      | Found a faded altar of an unknown god.
   200 | D:1      | Reached XP level 2. HP: 15/15 MP: 3/5
   723 | D:1      | Reached XP level 3. HP: 12/19 MP: 2/6
   727 | D:1      | Learned a level 3 spell: Stone Arrow
  1721 | D:2      | Reached skill level 1 in Conjurations
  1944 | D:2      | Reached XP level 4. HP: 24/24 MP: 6/8
  2873 | D:3      | Found a stormy altar of Qazlal.
  2878 | D:3      | Noticed Jessica
  2886 | D:3      | Killed Jessica
  2887 | D:3      | Reached skill level 5 in Earth Magic
  2887 | D:3      | Reached XP level 5. HP: 28/28 MP: 6/10
  3653 | D:4      | Reached XP level 6. HP: 10/32 MP: 6/11
  3967 | D:4      | Gained mutation: Your spells are a little easier to cast,
                  | but a little less powerful. [potion of mutation]
  3967 | D:4      | Gained mutation: You do not regenerate when monsters are
                  | visible. [potion of mutation]
  3968 | D:4      | Lost mutation: Your spells are a little easier to cast, but
                  | a little less powerful. [potion of mutation]
  3968 | D:4      | Lost mutation: You do not regenerate when monsters are
                  | visible. [potion of mutation]
  3968 | D:4      | Gained mutation: You are robust. (+10% HP) [potion of
                  | mutation]
  3968 | D:4      | Gained mutation: You are very robust. (+20% HP) [potion of
                  | mutation]
  3968 | D:4      | Gained mutation: You possess an exceptional clarity of
                  | mind. [potion of mutation]
  4175 | D:5      | Entered Level 5 of the Dungeon
  4235 | D:5      | Reached XP level 7. HP: 41/43 MP: 7/13
  4268 | D:5      | Found Mexkakai's Weapon Shop.
  4660 | D:5      | Reached skill level 5 in Spellcasting
  4660 | D:5      | Reached XP level 8. HP: 49/49 MP: 9/15
  4711 | D:5      | Reached skill level 5 in Conjurations
  5040 | D:5      | Found a staircase to the Ecumenical Temple.
  5049 | Temple   | Entered the Ecumenical Temple
  5764 | D:6      | Noticed Maggie
  5766 | D:6      | Noticed Blork the orc
  5772 | D:6      | Killed Maggie
  5773 | D:6      | Reached skill level 1 in Fighting
  5773 | D:6      | Reached skill level 1 in Maces & Flails
  5773 | D:6      | Reached skill level 1 in Armour
  5773 | D:6      | Reached skill level 1 in Evocations
  5790 | D:6      | Killed Blork the orc
  5904 | D:6      | Reached XP level 9. HP: 9/57 MP: 2/17
  6074 | D:6      | Noticed Edmund
  6082 | D:6      | Killed Edmund
  6682 | D:6      | Found a bloodstained altar of Trog.
  6685 | D:6      | Found a shadowy altar of Dithmenos.
  6688 | D:6      | Found a shimmering altar of Xom.
  6702 | D:6      | Found a hazy altar of Hepliaklqana.
  6848 | D:7      | Noticed a hornet
  7009 | D:7      | Found a white marble altar of Elyvilon.
  7376 | D:7      | Killed a hornet
  8650 | D:8      | Found an ancient bone altar of Kikubaaqudgha.
  8665 | D:8      | Reached XP level 10. HP: 67/67 MP: 19/19
  8868 | D:8      | Noticed a two-headed ogre
  8872 | D:8      | Killed a two-headed ogre
  8985 | D:8      | Found a hide-covered altar of Uskayaw.
  9760 | D:9      | Noticed Prince Ribbit
  9765 | D:9      | Noticed Maurice
  9783 | D:9      | Killed Maurice
 10009 | D:9      | Found a staircase to the Orcish Mines.
 10236 | D:9      | Noticed Pikel
 10245 | D:9      | Killed Pikel
 10246 | D:9      | Reached skill level 5 in Fighting
 10246 | D:9      | Reached skill level 5 in Armour
 10325 | D:9      | Killed Prince Ribbit
 10326 | D:9      | Reached XP level 11. HP: 75/75 MP: 15/21
 10551 | D:9      | Noticed Psyche
 10556 | D:9      | Killed Psyche
 10607 | D:9      | Found a burning altar of Makhleb.
 10685 | D:9      | Found a radiant altar of Vehumet.
 10692 | D:9      | Became a worshipper of Vehumet
 11052 | D:10     | Entered Level 10 of the Dungeon
 11423 | D:10     | Noticed a boulder beetle
 11455 | D:9      | Upgraded the game from 0.28-a0-421-gd1dd6c5fb5 to
                  | 0.28-a0-425-gd0eccab798
 11786 | D:10     | Found a glowing silver altar of Zin.
 11811 | D:10     | Killed a boulder beetle
 11987 | D:10     | Learned a level 6 spell: Iron Shot
 12006 | D:11     | Noticed a tengu warrior
 12006 | D:11     | Noticed a tengu warrior
 12225 | D:10     | Killed a tengu warrior
 12226 | D:10     | Reached skill level 5 in Maces & Flails
 12226 | D:10     | Reached skill level 10 in Earth Magic
 12618 | D:11     | Noticed a boulder beetle
 12627 | D:11     | Killed a boulder beetle
 12628 | D:11     | Reached skill level 5 in Dodging
 12628 | D:11     | Reached skill level 5 in Evocations
 12656 | D:11     | Identified the ring "Nellydu" {EV+4 Str+4 Int-5}
 12656 | D:11     | Noticed a centaur warrior
 12717 | D:11     | Reached * piety under Vehumet
 12717 | D:11     | Offered knowledge of Foxfire by Vehumet.
 12725 | D:11     | Noticed a manticore
 12725 | D:11     | a centaur warrior changed into a manticore
 12730 | D:11     | Killed a manticore
 12736 | D:11     | Reached XP level 12. HP: 39/84 MP: 8/23
 13369 | D:11     | Noticed a boulder beetle
 13547 | D:11     | Identified the +3 scimitar of Exquisite Torment {pain,
                  | Contam Str+9 Dex-2}
 13679 | D:11     | Found a staircase to the Lair.
 13703 | D:11     | Identified the ring "Huddu" {Will+ Dex+4 SInv}
 13970 | D:11     | Killed a tengu warrior
 14254 | D:11     | Identified the amulet "Vowyishi" {Reflect rElec Str+3 Int-3
                  | SH+5}
 14275 | D:11     | Identified the ring of Ocih {Ice MP+9 Dex+4}
 14454 | D:11     | Reached ** piety under Vehumet
 14454 | D:11     | Offered knowledge of Scorch by Vehumet.
 14836 | D:11     | Found a staircase to the Lair.
 14908 | D:11     | Killed a boulder beetle
 15381 | D:12     | Noticed Kirke
 15389 | D:11     | Reached XP level 13. HP: 90/92 MP: 25/25
 15420 | D:12     | Killed Kirke
 16735 | D:13     | Noticed a vault guard
 16736 | D:13     | Noticed a vault guard
 16788 | D:13     | Noticed a vault guard
 16799 | D:13     | Noticed a vault guard
 16812 | D:12     | Killed a vault guard
 17067 | D:13     | Killed a vault guard
 17079 | D:13     | Noticed a vault guard
 17121 | D:13     | Killed a vault guard
 17167 | D:13     | Killed a vault guard
 17168 | D:13     | Reached skill level 10 in Conjurations
 17204 | D:13     | Noticed a vault guard
 17210 | D:13     | Killed a vault guard
 17210 | D:13     | Offered knowledge of Static Discharge by Vehumet.
 17269 | D:13     | Found a gate to the Vaults.
 17281 | D:13     | Noticed a vault guard
 17514 | D:13     | Killed a vault guard
 17524 | D:13     | Killed a vault guard
 18052 | D:13     | Reached *** piety under Vehumet
 18099 | D:13     | Noticed a vault guard
 18108 | D:13     | Killed a vault guard
 18587 | D:13     | Gained mutation: Your large and strong wings let you fly.
                  | [Gargoyle growth]
 18587 | D:13     | Reached XP level 14. HP: 100/100 MP: 23/27
 19427 | D:14     | Found Sianwoti's Weapon Boutique.
 19645 | D:14     | Offered knowledge of Flame Wave by Vehumet.
 19946 | D:14     | Identified a scroll of acquirement
 19946 | D:14     | Acquired 704 gold pieces
 20348 | Lair:1   | Entered Level 1 of the Lair of Beasts
 21163 | Lair:2   | Found a dark tunnel.
 21173 | Volcano  | Entered a volcano
 21329 | Volcano  | Noticed a red draconian
 21344 | Volcano  | Killed a red draconian
 21344 | Volcano  | Reached **** piety under Vehumet
 22420 | Lair:2   | Offered knowledge of Freezing Cloud by Vehumet.
 22858 | Lair:2   | You are sucked into a shaft and drop 1 floor!
 22858 | Lair:3   | Found a frozen archway.
 22874 | IceCv    | Entered an ice cave
 23234 | IceCv    | Reached ***** piety under Vehumet
 23236 | IceCv    | Reached skill level 10 in Spellcasting
 23236 | IceCv    | Offered knowledge of Lightning Bolt by Vehumet.
 23394 | IceCv    | Noticed a reaper
 23400 | IceCv    | Killed a reaper
 23771 | Lair:3   | Reached XP level 15. HP: 110/110 MP: 19/29
 24335 | Lair:3   | Reached skill level 10 in Fighting
 24544 | Lair:3   | Found a staircase to the Snake Pit.
 24676 | Lair:3   | Found a staircase to the Swamp.
 26244 | Lair:5   | Noticed Josephine
 26258 | Lair:5   | Killed Josephine
 27539 | Lair:6   | Entered Level 6 of the Lair of Beasts
 28356 | Lair:6   | Offered knowledge of Spellforged Servitor by Vehumet.
 29266 | Lair:6   | Learned a level 5 spell: Lee's Rapid Deconstruction
 29664 | Lair:6   | Found a staircase to the Slime Pits.
 30078 | Orc:1    | Entered Level 1 of the Orcish Mines
 30208 | Orc:2    | Entered Level 2 of the Orcish Mines
 30240 | Orc:2    | Reached XP level 16. HP: 115/118 MP: 30/30
 30392 | Orc:2    | Reached skill level 10 in Maces & Flails
 30559 | Orc:2    | Found a staircase to the Elven Halls.
 30582 | Orc:1    | Noticed Erolcha
 30585 | Orc:1    | Killed Erolcha
 31495 | Orc:2    | Found a runed translucent gate.
 31496 | Orc:2    | Found a runed translucent gate.
 31497 | Orc:2    | Found a runed translucent gate.
 31497 | Orc:2    | Noticed MacCMillion's ghost (journeyman DsGl)
 31554 | Orc:2    | Reached ****** piety under Vehumet
 31623 | Orc:2    | Offered knowledge of Conjure Ball Lightning by Vehumet.
 31896 | Orc:2    | Found Dusess's General Store.
 31896 | Orc:2    | Found Cuso's Book Boutique.
 31897 | Orc:2    | Found Palaec's Antique Weapon Shop.
 31906 | Orc:2    | Found Fuledam's Jewellery Shop.
 31910 | Orc:2    | Bought the Unrestrained Analects for 748 gold pieces
 31923 | Orc:2    | Learned a level 8 spell: Ignition
 32380 | D:15     | Entered Level 15 of the Dungeon
 32418 | D:15     | Reached skill level 1 in Fire Magic
 32668 | D:15     | Reached skill level 5 in Fire Magic
 32685 | D:15     | Paralysed by an ogre mage for 4 turns
 33031 | D:15     | Found a staircase to the Depths.
 33222 | D:15     | Found a sacrificial altar of Ru.
 33785 | Snake:1  | Entered Level 1 of the Snake Pit
 33785 | Snake:1  | Found a shimmering blue altar of Sif Muna.
 33790 | Snake:1  | Identified the +10 mace of the Destroying Fulmar {spect,
                  | *Noise rCorr Int+2 Dex+2}
 34398 | Snake:1  | You are sucked into a shaft and drop 1 floor!
 34729 | Snake:1  | Learned a level 6 spell: Starburst
 35093 | Snake:1  | Found Gyocoe's Jewellery Shop.
 35370 | Snake:2  | Identified the amulet of Salifeen {Spirit Harm Slay+3}
 35654 | Snake:2  | Offered knowledge of Fireball by Vehumet.
 35655 | Snake:2  | Reached skill level 10 in Fire Magic
 35655 | Snake:2  | Reached XP level 17. HP: 97/124 MP: 18/32
 35928 | Snake:2  | Learned a level 5 spell: Fireball
 38035 | Snake:4  | Entered Level 4 of the Snake Pit
 38985 | Snake:4  | Noticed Vashnia
 38994 | Snake:4  | Killed Vashnia
 38994 | Snake:4  | HP: 1/124 [nagaraja collision (14)]
 38994 | Snake:4  | Killed from afar by a nagaraja

Illustrated notes

Levels and vault maps discovered:
D:1:      nicolae_arrival_memento_mori, layout_rooms,
          chequers_ecumenical_altar_island, minmay_indecisive_spiral
D:2:      layout_rooms
D:3:      layout_basic, lemuel_crystal_altar, amethyst_killhole, uniq_jessica
D:4:      layout_cave_pools, dk_noncrumbling_3
D:5:      layout_loops_ring, minmay_temple_entry_enclosed_plants, serial_shops,
          nicolae_shop_behind_doors
D:6:      layout_basic, grunt_temple_overflow_cloverleaf, uniq_blork_the_orc,
          uniq_edmund, uniq_maggie
D:7:      layout_loops_corners, nicolae_overflow_hidden_temple,
          water_boxes_lemuel
D:8:      layout_cave_pods, nicolae_uskayaw_murder_on_the_dancefloor,
          lemuel_mausoleum_altar_kikubaaqudgha
D:9:      layout_rooms, mainiacjoe_overflow_alcove_2, demons_altar,
          hiddenorc1_lemuel, uniq_prince_ribbit1, uniq_psyche, uniq_pikel,
          uniq_maurice
D:10:     layout_long_grid, zin_scriptorium, hangedman_decor_clover_reticule
D:11:     minmay_the_grid_triangle_9x9_rhombus_full_mashed
          [minmay_the_grid_triangle_9x9_flanged_cone,
          minmay_the_grid_triangle_9x9_dagger,
          minmay_the_grid_triangle_9x9_windchime,
          minmay_the_grid_triangle_9x9_shrine,
          minmay_the_grid_triangle_9x9_sparse_checkered,
          minmay_the_grid_triangle_9x9_skeleton,
          minmay_the_grid_triangle_9x9_alien,
          minmay_the_grid_triangle_9x9_prize_special], layout_gridville,
          lair_entry_dummy, minmay_lizard_king
D:12:     layout_irregular_city, uniq_kirke
D:13:     layout_rooms, erik_vaults_2
D:14:     layout_gridville, minmay_misc_feat_nine_boxes, serial_shops, shop
D:15:     grunt_enter_depths_hoard, layout_basic, nicolae_ru_path_of_blood,
          chequers_hall_statues_y, minmay_curled_crystal, minivault_28
Temple:   minmay_temple_curvy_loop
Lair:1:   layout_gridlike, grunt_megastairs_2
Lair:2:   layout_loops_ring, nicolae_volcano_entry_hallway, lemuel_fruit_tree,
          grunt_megastairs_1
Lair:3:   layout_concentric_octagons, palyth_hydra_swamp_entry,
          minmay_snake_entry_guardpost_medium, portal_ice_cave_rime
Lair:4:   layout_cellular_growth, kilobyte_rumbling_trees
Lair:5:   layout_loops_ring, wad_woods_river_01, uniq_josephine
Lair:6:   grunt_lair_end_beastmaster, layout_regular_city,
          dpeg_slime_entry_corner, wad_woods_river_03, grunt_megastairs_4,
          infiniplex_staircase_pool
Snake:1:  layout_misc_corridors, serial_shops, nicolae_shop_statue_plus,
          basic_altar, drop_trap
Snake:2:  layout_honeycomb, grunt_megastairs_3
Snake:3:  layout_cave_town
Snake:4:  johnstein_snake_rune_scales, layout_cave_shapes
Orc:1:    layout_caves, uniq_erolcha
Orc:2:    st_orc_mages, layout_caves, ebering_ghost_rock_garden,
          nooodl_orcs_dogs

Skill      XL: |  1  2  3  4  5  6  7  8  9 10 11 12 13 14 15 16 17 |
---------------+----------------------------------------------------+-----
Earth Magic    | 4 5 6 7 8 9 10 11 12 13 | 13.9
Conjurations   | 1 2 3 4 5 6 7 8 9 10 11 12 | 12.3
Spellcasting   | 3 4 5 6 7 8 9 10 11 | 11.0
Fighting       | 2 3 5 6 7 8 9 10 11 | 11.0
Maces & Flails | 1 3 4 5 6 7 9 10 | 10.1
Armour         | 2 3 5 6 |  6.0
Dodging        | 2 3 4 5 6 7 8 |  8.9
Evocations     | 1 2 4 5 6 7 8 9 |  9.4
Fire Magic     | 10 13 | 13.8
Stealth        | |  2.1
Transmutations | |  0.7

Action                   |  1- 3 |  4- 6 |  7- 9 | 10-12 | 13-15 | 16-18 || total
-------------------------+-------+-------+-------+-------+-------+-------++-------
Melee: Dagger            |    91 |    84 |    52 |       |       |       ||   227
       Flail             |       |       |   146 |   326 |   972 |   493 ||  1937
 Cast: Sandblast         |    34 |    88 |    75 |    59 |   125 |    21 ||   402
       Stone Arrow       |       |       |    38 |   187 |    58 |    19 ||   302
       Iron Shot         |       |       |       |     3 |   283 |   129 ||   415
       Lee's Rapid Decon |       |       |       |       |     6 |    66 ||    72
       Starburst         |       |       |       |       |       |    16 ||    16
       Ignition          |       |       |       |       |       |     7 ||     7
       Fireball          |       |       |       |       |       |     6 ||     6
Evoke: Wand              |       |       |       |     4 |    13 |    21 ||    38
       Box of beasts     |       |       |       |       |     4 |     2 ||     6
       Phial of floods   |       |       |       |       |     1 |     3 ||     4
  Use: Scroll            |       |    16 |     4 |     7 |     8 |     2 ||    37
       Potion            |       |     4 |     6 |       |     1 |     1 ||    12
 Stab: Distracted        |       |     1 |       |     1 |       |       ||     2
       Sleeping          |       |     1 |     4 |     1 |     2 |     1 ||     9
Armor: Robe              |    54 |    54 |    32 |       |       |       ||   140
       Steam dragon scal |       |       |    95 |   374 |   818 |   477 ||  1764
       Skin              |       |       |     1 |       |       |       ||     1
       Leather armour    |       |       |       |       |    13 |       ||    13
Dodge: Dodged            |    77 |    65 |   148 |   376 |   949 |   484 ||  2099

Table legend: (Time is in decaauts)
 A = Elapsed time spent in this place.
 B = Non-inter-level travel time spent in this place.
 C = Inter-level travel time spent in this place.
 D = Time resting spent in this place.
 E = Time spent auto-exploring this place.
 F = Levels seen in this place.
 G = Mean time per level.
                   A        B        C        D        E       F      G
               +--------+--------+--------+--------+--------+-----+--------+
         Total |  39058 |  37437 |   1621 |   5609 |  24675 |  30 | 1301.9 |
       Dungeon |  21894 |  20887 |   1007 |   3632 |  13575 |  15 | 1459.6 |
        Temple |    219 |    195 |     24 |      0 |    192 |   1 |  219.0 |
          Lair |   8020 |   7666 |    354 |    515 |   5529 |   6 | 1336.7 |
     Snake Pit |   5180 |   5024 |    156 |    803 |   3308 |   4 | 1295.0 |
  Orcish Mines |   2106 |   2028 |     78 |    230 |   1213 |   2 | 1053.0 |
      Ice Cave |    722 |    722 |      0 |    253 |    237 |   1 |  722.0 |
       Volcano |    913 |    913 |      0 |    176 |    620 |   1 |  913.0 |
               +--------+--------+--------+--------+--------+-----+--------+

Top non-repeatable levels by time:
    D:11: 3002 daAuts
  Lair:6: 2059 daAuts
  Lair:5: 1713 daAuts
    D:10: 1705 daAuts
     D:7: 1674 daAuts
    D:12: 1668 daAuts
    D:14: 1628 daAuts
 Snake:2: 1589 daAuts
     D:9: 1558 daAuts
     D:1: 1503 daAuts
    D:13: 1477 daAuts
 Snake:1: 1402 daAuts
 Snake:3: 1399 daAuts
  Lair:2: 1324 daAuts
     D:8: 1314 daAuts
